 Dungeon Crawl Stone Soup version 0.28-a0-1518-gbe868bca14 (console) character file.

Game seed: 916506971710336983

5477 petzl the Conjurer (level 11, -10/64 (77) HPs)
             Began as a Formicid Arcane Marksman on Jan 16, 2022.
             Was a Believer of Vehumet.
             Killed by refrigeration
             ... invoked by Fannar
              (30 damage)
             ... on level 11 of the Dungeon.
             The game lasted 01:11:12 (13486 turns).

petzl the Conjurer (Formicid Arcane Marksman)      Turns: 13486, Time: 01:11:13

HP:   -10/64 (77)   AC:  7    Str: 15    XL:     11   Next: 0%
MP:   17/21         EV: 12    Int: 17    God:    Vehumet [**....]
Gold: 121           SH:  0    Dex: 11    Spells: 14/23 levels left

rFire   . . .      SeeInvis +   a - +2 rapier (venom)
rCold   . . .      Faith    .   (no shield)
rNeg    . . .      Spirit   .   B - +0 leather armour {Will+}
rPois   +          Reflect  .   (helmet unavailable)
rElec   .          Harm     .   J - +0 cloak
rCorr   .          Rampage  .   x - +2 pair of gloves
Will    +++..                   (no boots)
Stlth   +++.......              H - amulet of the acrobat
HPRegen 0.20/turn               v - ring of poison resistance
MPRegen 0.17/turn               E - ring of willpower

@: heavily drained
A: permanent stasis, dig shafts and tunnels, antennae 3, four strong arms
a: Dig, Shaft Self, Renounce Religion


You were on level 11 of the Dungeon.
You worshipped Vehumet.
Vehumet was pleased with you.
You visited 1 branch of the dungeon, and saw 10 of its levels.

You collected 512 gold pieces.
You spent 391 gold pieces at shops.

Inventory:

Hand Weapons
 a - a +2 rapier of venom (weapon)
 b - a +1 hand crossbow of flaming
 c - a +3 quarterstaff of chaos
 q - a +0 flail of venom
 z - a +2 falchion of holy wrath
 A - a +2 morningstar of draining
 C - the +7 war axe "Kanop" {pain, Fragile rPois rC+ Will+++, !f =f}
   (You took it off a gnoll on level 5 of the Dungeon)

   In the hands of one skilled in necromantic magic, it inflicts extra damage on
   living creatures.
   rC:        It protects you from cold.
   rPois:     It protects you from poison.
   Fragile:   It will be destroyed if unequipped.
   Will:      It greatly increases your willpower.
Missiles
 i - 23 poisoned darts (quivered)
 l - 4 javelins
 O - 32 bolts
Armour
 k - a +0 robe of the Archmagi
 t - a +0 robe of resistance
 x - a +2 pair of gloves (worn)
 y - a +4 ring mail
 B - a +0 leather armour of willpower (worn)
 J - a +0 cloak (worn)
 M - a scarf of shadows
Jewellery
 v - a ring of poison resistance (left hand)
 E - a ring of willpower (right hand)
 H - an amulet of the acrobat (around neck)
Wands
 g - a wand of paralysis (2)
 m - a wand of mindburst (13)
 o - a wand of iceblast (6)
Scrolls
 f - a scroll of acquirement {unknown}
 h - a scroll of amnesia {unknown}
 j - 2 scrolls of fog
 n - a scroll of magic mapping
 p - 2 scrolls of immolation
 D - a scroll of vulnerability
 G - 2 scrolls of fear
 P - a scroll of enchant armour
Potions
 d - 2 potions of mutation {unknown}
 e - 5 potions of flight {unknown}
 r - a potion of resistance
 s - 3 potions of lignification {unknown}
 u - 2 potions of ambrosia {unknown}
 w - a potion of degeneration {unknown}
 F - a potion of magic {unknown}
 L - a potion of heal wounds {unknown}
 N - 2 potions of attraction {unknown}


   Skills:
 - Level 4.1 Fighting
 - Level 2.0 Short Blades
 - Level 4.0 Crossbows
 - Level 3.9 Armour
 - Level 3.9 Dodging
 - Level 5.6 Stealth
 - Level 6.7 Spellcasting
 - Level 7.2 Conjurations
 - Level 3.6 Hexes
 - Level 2.0 Necromancy
 - Level 5.2 Fire Magic
 - Level 2.0 Ice Magic
 + Level 0.0 Air Magic
 + Level 0.0 Poison Magic
 - Level 3.6 Evocations


You had 14 spell levels left.
You knew the following spells:

 Your Spells              Type           Power      Damage    Failure   Level
a - Slow                  Hex            72%        N/A       3%          1
b - Freeze                Ice            48%        1d7       6%          1
c - Shock                 Conj/Air       72%        1d7       3%          1
f - Conjure Flame         Conj/Fire      26%        6-21      3%          3
m - Mephitic Cloud        Conj/Pois/Air  13%        N/A       16%         3

Your spell library contained the following spells:

 Spells                   Type           Power      Damage    Failure   Level
 Foxfire                  Conj/Fire      100%       2x1d9     1%          1
 Magic Dart               Conj           100%       1d8       1%          1
 Inner Flame              Hex/Fire       20%        N/A       7%          3
 Flame Wave               Conj/Fire      26%        2d6       11%         4
 Portal Projectile        Hex/Tloc       22%        N/A       21%         3
 Call Imp                 Summ           5%         N/A       22%         2
 Cause Fear               Hex            9%         N/A       32%         4
 Call Canine Familiar     Summ           5%         N/A       41%         3
 Leda's Liquefaction      Hex/Erth       5%         N/A       56%         4
 Chain Lightning          Conj/Air       9%         3d12      100%        9
 Fire Storm               Conj/Fire      13%        8d3       100%        9
 Shatter                  Erth           2%         3d6*      100%        9


Dungeon Overview and Level Annotations

Branches:
Dungeon (11/15)            Temple (0/1) D:7
   Lair: D:8-11         Orc: D:9-12

Altars:
Ashenzari
Gozag
Makhleb
Uskayaw
Vehumet
Xom
Zin

Shops:
D:7 *=?=[   D:9 =

Annotations:
D:5 exclusion: downstairs
D:9 exclusions: orc warrior and troll
D:11 exclusion: sensed monster (detected), Fannar


Innate Abilities, Weirdness & Mutations

You cannot be hasted, slowed, berserked, paralysed or teleported.
You can dig through walls and to a lower floor.
You have a pair of large antennae on your head. (SInv)
Your four strong arms can wield two-handed weapons with a shield.


Message History

You dig through the rock wall.
You feel drained.
You retract your mandibles.
You extend your mandibles.
Unknown command.
Unknown command.
Cast which spell? (? or * to list)
The fire begins to smoulder!
Unknown command.
Unknown command.
Unknown command.
Unknown command.
As you read the scroll of fear, it crumbles to dust.
You assume a fearsome visage.
Fannar looks frightened!
Fannar casts a spell.
You smother the flame.
Casting: Conjure Flame (dangerous; 3% risk of failure)
Confirm with . or Enter, or press ? or * to list all spells.
The fire begins to smoulder!
Fannar gestures wildly while chanting.
You retract your mandibles.
The fire ignites!
Fannar is engulfed in blazing flames.
Fannar hits you with a +0 quarterstaff of freezing.
Fannar freezes you.
Press: ? - help, v - describe, . - travel
Here: Fannar, wielding a +0 quarterstaff of freezing, wearing a +1 robe of cold resistance and wearing a ring of ice (flame, moderately wounded)
The floor.
Unknown command.
Unknown command.
Unknown command.
Unknown command.
You barely miss Fannar. Your punch misses Fannar.
Fannar is moderately wounded.
Fannar is engulfed in blazing flames.
Fannar mumbles some strange words.
You miss Fannar.
Fannar is heavily wounded.
Fannar is engulfed in blazing flames.
Fannar mumbles some strange words.
Fannar drains the heat from the surrounding environment!
You die...

#.# #.#
#.# #
##.##
#.##...###
....... #.
#...# #{
#..######
#.
#.#{#{#@#
#.
#.##.#e##
#.
#.######
#.##.#
#..#.####
#.......#
#{#####.#
#. #.# #.
#.. #.
#.## #.
#h# #. ..#
## ##. .


You could see Fannar.

Vanquished Creatures
  2 two-headed ogres (D:9)
  Maggie (D:7)
  Prince Ribbit (D:7)
  A wyvern (D:9)
  2 spriggans (D:9)
  A steam dragon (D:8)
  Menkaure (D:6)
  2 water moccasins
  An orc warrior (D:9)
  2 black bears
  3 necrophages
  3 ice beasts
  A hornet zombie (D:9)
  3 ogres
  A centaur (D:5)
  3 bullfrogs
  A scorpion (D:4)
  A water moccasin zombie (D:5)
  A killer bee (D:5)
  2 bullfrog zombies (D:5)
  5 centaur zombies
  5 hounds
  Crazy Yiuf (D:7)
  A bullfrog skeleton (D:5)
  7 orc priests
  A jelly (D:5)
  8 orc wizards
  4 iguanas
  2 killer bee zombies
  A hound skeleton (D:4)
  3 howler monkey zombies
  15 gnolls
  6 adders
  2 white imps
  A worm zombie (D:6)
  A dart slug (D:5)
  31 orcs
  6 ball pythons
  6 bats
  3 endoplasms
  A giant cockroach (D:3)
  5 goblins
  7 hobgoblins
  8 jackals
  7 quokkas
  4 frilled lizards
  15 kobolds
  9 rats
198 creatures vanquished.

Notes
Turn   | Place    | Note
-------+----------+-------------------------------------------
     0 | D:1      | petzl the Formicid Arcane Marksman began the quest for the
                  | Orb.
     0 | D:1      | Reached XP level 1. HP: 15/15 MP: 2/2
   229 | D:1      | Reached XP level 2. HP: 21/21 MP: 4/4
   549 | D:1      | Reached XP level 3. HP: 26/26 MP: 5/5
   590 | D:1      | Found a faded altar of an unknown god.
   964 | D:2      | Reached skill level 1 in Stealth
  1055 | D:2      | You fall into a shaft and drop 1 floor!
  1100 | D:3      | Reached XP level 4. HP: 33/33 MP: 7/7
  1201 | D:3      | Reached skill level 1 in Armour
  1543 | D:2      | Reached XP level 5. HP: 26/38 MP: 6/8
  2309 | D:3      | Reached skill level 1 in Evocations
  2701 | D:4      | Noticed an ogre
  3170 | D:4      | Found a radiant altar of Vehumet.
  3182 | D:4      | Reached XP level 6. HP: 45/45 MP: 7/10
  3268 | D:4      | Became a worshipper of Vehumet
  3380 | D:4      | Learned a level 3 spell: Conjure Flame
  3647 | D:4      | Killed an ogre
  3648 | D:4      | Reached skill level 1 in Conjurations
  3648 | D:4      | Reached skill level 1 in Fire Magic
  3801 | D:4      | Reached XP level 7. HP: 42/51 MP: 9/11
  4566 | D:5      | Entered Level 5 of the Dungeon
  4566 | D:5      | Found a broken altar of Ashenzari.
  4619 | D:5      | Reached skill level 2 in Conjurations
  5288 | D:5      | Reached skill level 3 in Conjurations
  5351 | D:5      | Reached XP level 8. HP: 23/57 MP: 9/13
  5779 | D:5      | Reached skill level 4 in Conjurations
  5935 | D:5      | Found a burning altar of Makhleb.
  6434 | D:5      | Found a shimmering altar of Xom.
  6652 | D:5      | Found a glowing silver altar of Zin.
  6653 | D:5      | Found an opulent altar of Gozag.
  6872 | D:6      | Reached * piety under Vehumet
  6872 | D:6      | Offered knowledge of Freeze by Vehumet.
  6875 | D:6      | Learned a level 1 spell: Freeze
  6900 | D:6      | Reached skill level 5 in Conjurations
  7036 | D:5      | Identified the +7 war axe "Kanop" {pain, Fragile rPois rC+
                  | Will+++}
  7264 | D:6      | Reached XP level 9. HP: 62/62 MP: 14/16
  7385 | D:6      | Reached skill level 5 in Spellcasting
  7670 | D:6      | Noticed Menkaure
  7678 | D:6      | Killed Menkaure
  7943 | D:6      | Reached skill level 6 in Conjurations
  8044 | D:6      | Reached skill level 5 in Fire Magic
  8403 | D:7      | Found Mycaozank's Antique Armour Boutique.
  8693 | D:7      | Found Orresch's Jewellery Shoppe.
  8771 | D:7      | Bought an amulet of the acrobat for 300 gold pieces
  8853 | D:7      | Found a runed translucent door.
  8854 | D:7      | Noticed Crazy Yiuf
  8871 | D:7      | Killed Crazy Yiuf
  8948 | D:7      | Noticed Prince Ribbit
  9132 | D:7      | Killed Prince Ribbit
  9133 | D:7      | Reached skill level 1 in Necromancy
  9443 | D:7      | Found Kenanlog's Jewellery Shop.
  9508 | D:7      | Found Haceh's General Store.
  9511 | D:7      | Found a staircase to the Ecumenical Temple.
  9513 | D:7      | Noticed Maggie
  9518 | D:7      | Bought a scroll of identify for 26 gold pieces
  9518 | D:7      | Bought a scroll of identify for 26 gold pieces
  9539 | D:7      | Offered knowledge of Shock by Vehumet.
  9542 | D:7      | Learned a level 1 spell: Shock
  9642 | D:7      | Killed Maggie
  9643 | D:7      | Reached skill level 1 in Short Blades
  9643 | D:7      | Reached skill level 1 in Ice Magic
  9643 | D:7      | Reached XP level 10. HP: 64/69 MP: 13/18
  9686 | D:7      | Found Peehiniz's Magic Scroll Shoppe.
  9703 | D:7      | Bought a scroll of noise for 13 gold pieces
  9711 | D:7      | Bought a scroll of identify for 26 gold pieces
  9852 | D:7      | Found a hide-covered altar of Uskayaw.
 10110 | D:7      | Reached ** piety under Vehumet
 11328 | D:9      | Noticed a two-headed ogre
 11356 | D:9      | Killed a two-headed ogre
 11397 | D:9      | Reached skill level 5 in Stealth
 11519 | D:9      | Found Ynusuobb's Jewellery Shoppe.
 12103 | D:9      | Reached skill level 7 in Conjurations
 12176 | D:9      | Noticed a two-headed ogre
 12281 | D:8      | You fall into a shaft and drop 1 floor!
 12306 | D:9      | Killed a two-headed ogre
 13026 | D:9      | Reached XP level 11. HP: 77/77 MP: 21/21
 13077 | D:9      | Learned a level 3 spell: Mephitic Cloud
 13398 | D:9      | You fall into a shaft and drop 2 floors!
 13398 | D:11     | Noticed Fannar
 13486 | D:11     | Killed from afar by Fannar

Illustrated notes

Levels and vault maps discovered:
D:1:      lordsloth_arrival_two_stooges, layout_rooms,
          chequers_ecumenical_altar_island, nicolae_figureground_pulse
D:2:      layout_rooms
D:3:      layout_basic, st_stairs_2, grunt_ministairs_4,
          kennysheep_generic_room_16
D:4:      layout_basic, mainiacjoe_overflow_boulevard, st_stairs_7
D:5:      layout_loops_ring, grunt_temple_overflow_gold_and_silver,
          xom_teletrap_fun, cheibrodos_ashenzari_chains,
          mainiacjoe_overflow_paths, dk_noncrumbling_4, minmay_fractal_squares_5
D:6:      layout_basic, enter_ossuary_3, uniq_menkaure
D:7:      layout_basic, mainiacjoe_overflow_chevrons,
          minmay_temple_entry_stoned_glass, serial_shops, nicolae_stop_n_shop_2,
          shop, shop, shop, shop, uniq_prince_ribbit1, uniq_maggie,
          uniq_crazy_yiuf_cottage
D:8:      layout_cave_pools, bh_walls_and_bars
D:9:      kb_forest_paths, layout_loops_corners, serial_shops,
          nicolae_shop_trees
D:11:     layout_loops_ring, uniq_sonja, uniq_snorg, uniq_fannar

Skill      XL: |  1  2  3  4  5  6  7  8  9 10 |
---------------+-------------------------------+-----
Dodging        | 2 3 |  3.9
Spellcasting   | 2 3 4 5 6 |  6.7
Stealth        | 1 2 3 5 |  5.6
Armour         | 1 2 3 |  3.9
Fighting       | 2 4 |  4.1
Evocations     | 1 2 3 |  3.6
Conjurations   | 1 3 5 6 7 |  7.2
Fire Magic     | 1 3 4 5 |  5.2
Crossbows      | 3 4 |  4.0
Necromancy     | 1 2 |  2.0
Short Blades   | 1 2 |  2.0
Ice Magic      | 1 2 |  2.0
Hexes          | |  3.6

Action                   |  1- 3 |  4- 6 |  7- 9 | 10-12 || total
-------------------------+-------+-------+-------+-------++-------
Melee: Short sword       |     2 |     6 |       |       ||     8
       Rapier            |       |    89 |   159 |    14 ||   262
       Punch             |       |       |     2 |     1 ||     3
       Quarterstaff      |       |       |    34 |    38 ||    72
       Flail             |       |       |       |    27 ||    27
 Fire: Hand crossbow     |    67 |    77 |   242 |   113 ||   499
Throw: Dart              |       |     1 |     2 |       ||     3
 Cast: Slow              |     1 |    21 |   114 |    32 ||   168
       Conjure Flame     |       |       |    31 |    24 ||    55
 Abil: Shaft Self        |     1 |       |       |     2 ||     3
       Dig               |       |       |     1 |     4 ||     5
Evoke: Wand              |       |       |     7 |     3 ||    10
  Use: Potion            |       |     1 |     3 |     2 ||     6
       Scroll            |       |       |     2 |    11 ||    13
 Stab: Sleeping          |       |     2 |       |       ||     2
Armor: Robe              |     6 |    13 |    44 |    11 ||    74
       Leather armour    |       |    11 |    21 |     9 ||    41
Dodge: Dodged            |    11 |    78 |   127 |    90 ||   306

Table legend: (Time is in decaauts)
 A = Elapsed time spent in this place.
 B = Non-inter-level travel time spent in this place.
 C = Inter-level travel time spent in this place.
 D = Time resting spent in this place.
 E = Time spent auto-exploring this place.
 F = Levels seen in this place.
 G = Mean time per level.
                   A        B        C        D        E       F      G
               +--------+--------+--------+--------+--------+-----+--------+
         Total |  13715 |  12931 |    784 |   3545 |   4944 |  10 | 1371.5 |
       Dungeon |  13715 |  12931 |    784 |   3545 |   4944 |  10 | 1371.5 |
               +--------+--------+--------+--------+--------+-----+--------+

Top non-repeatable levels by time:
     D:9: 2199 daAuts
     D:4: 2003 daAuts
     D:5: 1884 daAuts
     D:7: 1824 daAuts
     D:6: 1756 daAuts
     D:3: 1485 daAuts
     D:8: 952 daAuts
     D:1: 941 daAuts
     D:2: 578 daAuts
    D:11: 87 daAuts
